 Dungeon Crawl Stone Soup version 0.27-a0-1184-ge86db4a01e (webtiles) character file.

Game seed: 1875415799150996591

2380 tilp the Summoner (level 9, -8/69 HPs)
             Began as a Barachi Summoner on May 18, 2021.
             Was a Believer of Okawaru.
             Killed from afar by Erica (32 damage)
             ... with a lance of force
             ... on level 8 of the Dungeon.
             The game lasted 00:22:08 (11414 turns).

tilp the Summoner (Barachi Summoner)               Turns: 11414, Time: 00:22:09

Health: -8/69      AC:  9    Str: 17    XL:     9   Next: 45%
Magic:  11/15      EV: 12    Int: 16    God:    Okawaru [**....]
Gold:   421        SH:  0    Dex: 13    Spells: 10/16 levels left

rFire    + . .     SeeInvis .   a - +2 dagger (drain)
rCold    . . .     Faith    .   (no shield)
rNeg     . . .     Spirit   .   k - +0 ring mail
rPois    .         Reflect  .   p - +1 helmet
rElec    .         Harm     .   (no cloak)
rCorr    +         Rampage  .   l - +0 pair of gloves
Will     ++...                  g - +0 pair of boots
Stlth    ++........             (no amulet)
HPRegen  0.21/turn              f - ring of protection from fire
MPRegen  0.14/turn              c - ring "Qatheles" {Fly Will++ rCorr Str+5}

@: flying, slow
A: amphibious, slowness 1, strong legs 1, +LOS
a: Hop, Renounce Religion, Heroism


You were on level 8 of the Dungeon.
You worshipped Okawaru.
Okawaru was pleased with you.
You visited 2 branches of the dungeon, and saw 9 of its levels.

You collected 486 gold pieces.
You spent 65 gold pieces at shops.

Inventory:

Hand Weapons
 a - a +2 dagger of draining (weapon)
 h - a +1 dagger of draining
 i - a +0 dagger of electrocution
 j - a +0 spear
Missiles
 q - 15 poisoned darts (quivered)
Armour
 g - a +0 pair of boots (worn)
 k - a +0 ring mail (worn)
 l - a +0 pair of gloves (worn)
 p - a +1 helmet (worn)
Jewellery
 b - a +6 ring of intelligence
 c - the ring "Qatheles" (right hand) {Fly Will++ rCorr Str+5}
   (You acquired it on level 1 of the Dungeon)

   [ring of flight]

   It affects your strength (+5).
   It grants you flight.
   It protects you from acid and corrosion.
   It greatly increases your willpower.
 f - a ring of protection from fire (left hand)
 m - a ring of protection from fire
Wands
 e - a wand of flame (44)
 w - a wand of polymorph (7)
 x - a wand of paralysis (8)
Scrolls
 d - a scroll of vulnerability {unknown}
 v - a scroll of teleportation {unknown}
Potions
 n - 2 potions of might
 o - a potion of cancellation
 r - 5 potions of curing
 s - a potion of heal wounds
 t - 4 potions of brilliance
 u - 3 potions of haste


   Skills:
 - Level 6.0 Fighting
 - Level 4.0 Dodging
 - Level 4.0 Stealth
 - Level 4.0 Spellcasting
 - Level 8.0 Summonings
 + Level 6.3 Invocations
 - Level 4.0 Evocations


You had 10 spell levels left.
You knew the following spells:

 Your Spells              Type           Power      Damage    Failure   Level
a - Summon Small Mammal   Summ           100%       N/A       1%          1
b - Call Imp              Summ           28%        N/A       1%          2
c - Call Canine Familiar  Summ           28%        N/A       3%          3

Your spell library contained the following spells:

 Spells                   Type           Power      Damage    Failure   Level
 Summon Guardian Golem    Hex/Summ       16%        N/A       19%         3
 Beastly Appendage        Tmut           6%         N/A       30%         1
 Wereblood                Tmut           3%         N/A       43%         2
 Summon Ice Beast         Ice/Summ       16%        N/A       52%         4
 Summon Lightning Spire   Summ/Air       16%        N/A       52%         4
 Spider Form              Tmut/Pois      1%         N/A       67%         3
 Ice Form                 Ice/Tmut       3%         N/A       97%         4
 Agony                    Necr           3%         N/A       100%        5
 Excruciating Wounds      Necr           1%         N/A       100%        5
 Hydra Form               Tmut           1%         N/A       100%        5
 Death Channel            Necr           1%         N/A       100%        6


Dungeon Overview and Level Annotations

Branches:
Dungeon (8/15)             Temple (1/1) D:4            Lair (0/6) D:8

Altars:
Ashenzari
Cheibriados
Dithmenos
Elyvilon
Gozag
Hepliaklqana
Kikubaaqudgha
Makhleb
Nemelex Xobeh
Okawaru
Qazlal
Ru
Trog
Vehumet
Xom
Yredelemnul
Zin
The Shining One

Shops:
D:4 (!

Annotations:
D:7 1 runed translucent door, Crazy Yiuf
D:8 Erica


Innate Abilities, Weirdness & Mutations

You are amphibious.
You cover ground slowly.
You can hop short distances.
You have an extended range of vision and can be seen from far away.


Message History

Unknown command.
Casting: Call Canine Familiar (dangerous; 3% risk of failure)
Confirm with . or Enter, or press ? or * to list all spells.
Erica hits you with a +2 scimitar of flaming!
Erica burns you.
Casting: Call Canine Familiar (dangerous; 3% risk of failure)
Confirm with . or Enter, or press ? or * to list all spells.
A beastly little devil appears in a puff of flame.
Your hound bites Erica.
Erica hits you with a +2 scimitar of flaming.
Erica burns you.
You closely miss Erica.
Erica is lightly wounded.
Your hound barely misses Erica.
Erica hits you with a +2 scimitar of flaming!
Erica burns you.
Your hound bites Erica.
You hit Erica.
Erica is lightly wounded.
Your hound bites Erica.
Erica barely misses you.
You barely miss Erica.
Erica is lightly wounded.
Your hound barely misses Erica.
Erica hits you with a +2 scimitar of flaming.
Your hound barely misses Erica.
You hit Erica.
Erica is lightly wounded.
Your hound misses Erica.
Erica hits you with a +2 scimitar of flaming!
* * * LOW HITPOINT WARNING * * *
Erica burns you.
* * * LOW HITPOINT WARNING * * *
You swap places.
Your hound bites Erica. x2
Erica hits your crimson imp with a +2 scimitar of flaming!
Your crimson imp blinks!
Unknown command.
Your hound cocks its head sideways at you.
Your hound closely misses Erica.
Erica points at you and mumbles some strange words.
The lance of force hits you!!
You die...

#.# #...
#.# #.#.
#.# #...
#.# #...
#.# #...
#.#######
#.#.
#.......#
...##
#######.#
### # #@#
#.# #ยง#
#h@.....#
#########


You could see Erica (ally target) and a friendly hound (summoned).

Vanquished Creatures
  A steam dragon (D:5)
  A water moccasin (D:8)
  An ice beast (D:7)
  An ogre (D:5)
  A necrophage (D:7)
  3 centaurs
  A gnoll sergeant (D:8)
  3 scorpions
  A wyvern skeleton (D:5)
  3 wights (D:7)
  A bullfrog zombie (D:4)
  An orc priest (D:4)
  A hound (D:5)
  Terence (D:2)
  An iguana (D:4)
  An orc wizard (D:4)
  A howler monkey zombie (D:8)
  6 gnolls
  2 howler monkey skeletons
  3 adders (D:5)
  An ufetubus (D:6)
  An adder skeleton (D:4)
  2 worms
  A dart slug (D:3)
  9 orcs
  5 ball pythons
  6 bats
  2 endoplasms
  5 giant cockroaches
  5 hobgoblins
  7 jackals (D:2)
  10 kobolds
  5 quokkas (D:1)
  A frilled lizard (D:1)
  14 goblins
  5 rats
113 creatures vanquished.

Vanquished Creatures (collateral kills)
  Psyche (D:8)
  2 acid dragons
  An ice beast (D:7)
  An ogre (D:4)
  2 black bears (D:5)
  A kobold brigand (D:6)
  A bullfrog (D:8)
  A water moccasin zombie (D:3)
  2 scorpions
  A gnoll sergeant (D:7)
  2 wights (D:7)
  A hound (D:4)
  An orc priest (D:4)
  3 iguanas
  An orc wizard (D:3)
  Robin (D:2)
  4 gnolls
  4 adders
  A white imp (D:5)
  3 worms
  6 orcs
  An endoplasm (D:3)
  2 goblins (D:2)
  A hobgoblin (D:2)
  2 bats (D:1)
  A frilled lizard (D:3)
  2 kobolds
  2 rats
51 creatures vanquished.

Grand Total: 164 creatures vanquished

Notes
Turn   | Place    | Note
-------+----------+-------------------------------------------
     0 | D:1      | tilp the Barachi Summoner began the quest for the Orb.
     0 | D:1      | Reached XP level 1. HP: 13/13 MP: 3/3
   517 | D:1      | Reached skill level 1 in Fighting
  1055 | D:1      | Reached XP level 2. HP: 21/22 MP: 5/5
  1058 | D:1      | Learned a level 2 spell: Call Imp
  1531 | D:1      | Reached XP level 3. HP: 22/29 MP: 6/6
  1766 | D:1      | Learned a level 3 spell: Call Canine Familiar
  1835 | D:2      | Noticed Terence
  2128 | D:2      | Noticed Robin
  2275 | D:2      | Killed Robin
  2589 | D:2      | Reached skill level 5 in Summonings
  2589 | D:2      | Reached XP level 4. HP: 35/37 MP: 2/7
  2633 | D:2      | You fall into a shaft and drop 2 floors!
  2830 | D:4      | Identified the Handbook of Darkness
  3107 | D:4      | Reached XP level 5. HP: 37/42 MP: 2/9
  3355 | D:3      | Found an ancient bone altar of Kikubaaqudgha.
  3404 | D:3      | Reached skill level 6 in Summonings
  4182 | D:1      | Identified a scroll of acquirement
  4182 | D:1      | Acquired the ring "Qatheles" {Fly Will++ rCorr Str+5}
  4388 | D:2      | Killed Terence
  4696 | D:3      | Reached XP level 6. HP: 48/48 MP: 8/10
  4755 | D:3      | Noticed an air elemental
  4757 | D:3      | Found a stormy altar of Qazlal.
  4757 | D:3      | Noticed a water elemental
  4758 | D:3      | Noticed a fire elemental
  5429 | D:4      | Found a staircase to the Ecumenical Temple.
  5445 | Temple   | Entered the Ecumenical Temple
  6357 | D:4      | Found Koguzar's Weapon Emporium.
  6384 | D:4      | Found Fetot's Distillery.
  6393 | D:4      | Bought a potion of heal wounds for 65 gold pieces
  6551 | D:5      | Entered Level 5 of the Dungeon
  6568 | D:5      | Found a sacrificial altar of Ru.
  6568 | D:5      | Found an iron altar of Okawaru.
  6573 | D:5      | Became a worshipper of Warmaster Okawaru
  6599 | D:5      | Reached skill level 1 in Invocations
  6599 | D:5      | Reached XP level 7. HP: 54/54 MP: 5/11
  6648 | D:5      | Found a broken altar of Ashenzari.
  6750 | D:5      | Noticed a steam dragon
  6780 | D:5      | Killed a steam dragon
  6814 | D:5      | Reached * piety under Okawaru
  6837 | D:5      | Reached skill level 5 in Fighting
  6837 | D:5      | Reached XP level 8. HP: 42/62 MP: 7/12
  6878 | D:5      | Found a glowing drain.
  7640 | D:6      | Reached skill level 1 in Evocations
  7840 | D:6      | Found a snail-covered altar of Cheibriados.
  8119 | D:6      | Found a radiant altar of Vehumet.
  8584 | D:7      | Reached skill level 5 in Invocations
  8702 | D:7      | Reached ** piety under Okawaru
  8854 | D:7      | Found an opulent altar of Gozag.
  9124 | D:7      | Reached XP level 9. HP: 52/69 MP: 6/13
 10225 | D:7      | Found a runed translucent door.
 10226 | D:7      | Noticed Crazy Yiuf
 10404 | D:7      | Found a glowing silver altar of Zin.
 10985 | D:8      | Noticed Psyche
 11000 | D:8      | Killed Psyche
 11001 | D:8      | Reached skill level 7 in Summonings
 11023 | D:8      | Reached skill level 8 in Summonings
 11290 | D:8      | Found a staircase to the Lair.
 11406 | D:8      | Noticed Erica
 11414 | D:8      | Killed from afar by Erica

Illustrated notes

Levels and vault maps discovered:
D:1:      ncdulo_smallfort, layout_loops_cross
D:2:      layout_loops_cross, kennysheep_generic_room_14, uniq_robin,
          uniq_terence
D:3:      layout_basic, kiku_gazebo_pond_becter,
          nicolae_qazlal_style_of_elements, chequers_decorated_corner,
          minivault_27
D:4:      minmay_door_path, layout_layer_cave, minmay_temple_entry_large_hall,
          serial_shops, nicolae_shop_window_shopping, shop
D:5:      layout_rooms, gammafunk_temple_overflow_wave, amcnicky_altar_gilded,
          portal_sewer_entry_e
D:6:      layout_gridville, nicolae_overflow_crystal_walls,
          overflow_temple_1_default
D:7:      layout_basic, zin_scriptorium, lemuel_coloured_pillars_altar,
          uniq_crazy_yiuf_cottage
D:8:      minmay_the_grid_triangle_9x9_rhombus_full
          [minmay_the_grid_triangle_9x9_limited_checkers,
          minmay_the_grid_triangle_9x9_alien,
          minmay_the_grid_triangle_9x9_semitri,
          minmay_the_grid_triangle_9x9_empty,
          minmay_the_grid_triangle_9x9_negative_grid,
          minmay_the_grid_triangle_9x9_impossible_snake,
          minmay_the_grid_triangle_9x9_empty,
          minmay_the_grid_triangle_9x9_prize_special], layout_loops_ring,
          uniq_psyche, uniq_erica
Temple:   jpeg_temple_island

Skill      XL: |  1  2  3  4  5  6  7  8  9 |
---------------+----------------------------+-----
Fighting       | 1 3 4 5 6 |  6.0
Summonings     | 5 6 8 |  8.0
Spellcasting   | 3 4 |  4.0
Stealth        | 2 4 |  4.0
Dodging        | 3 4 |  4.0
Invocations    | 1 4 5 6 |  6.3
Evocations     | 4 |  4.0

Action                   |  1- 3 |  4- 6 |  7- 9 || total
-------------------------+-------+-------+-------++-------
Melee: Long sword        |    70 |       |       ||    70
       Club              |     4 |       |       ||     4
       Dagger            |    29 |   180 |   261 ||   470
Throw: Dart              |       |    13 |    21 ||    34
 Cast: Summon Small Mamm |     7 |     1 |    10 ||    18
       Call Imp          |    15 |    21 |    47 ||    83
       Call Canine Famil |       |     7 |    33 ||    40
 Abil: Hop               |       |     2 |     4 ||     6
  Use: Scroll            |       |    12 |     4 ||    16
       Potion            |       |       |     1 ||     1
 Stab: Sleeping          |     4 |     2 |     6 ||    12
       Distracted        |       |     3 |     2 ||     5
Armor: Leather armour    |    36 |    31 |       ||    67
       Ring mail         |       |    21 |    99 ||   120
Dodge: Dodged            |    56 |   111 |   224 ||   391
       Rpst.: Long sword |    14 |       |       ||    14

Table legend: (Time is in decaauts)
 A = Elapsed time spent in this place.
 B = Non-inter-level travel time spent in this place.
 C = Inter-level travel time spent in this place.
 D = Time resting spent in this place.
 E = Time spent auto-exploring this place.
 F = Levels seen in this place.
 G = Mean time per level.
                   A        B        C        D        E       F      G
               +--------+--------+--------+--------+--------+-----+--------+
         Total |  12535 |  11892 |    643 |   2904 |   6587 |   9 | 1392.8 |
       Dungeon |  12177 |  11554 |    623 |   2904 |   6250 |   8 | 1522.1 |
        Temple |    357 |    337 |     20 |      0 |    337 |   1 |  357.0 |
               +--------+--------+--------+--------+--------+-----+--------+

Top non-repeatable levels by time:
     D:4: 2450 daAuts
     D:1: 2244 daAuts
     D:7: 1928 daAuts
     D:2: 1582 daAuts
     D:6: 1540 daAuts
     D:5: 1018 daAuts
     D:8: 789 daAuts
     D:3: 623 daAuts
  Temple: 357 daAuts
